 Dungeon Crawl Stone Soup version 0.31-a0-1616-gbeaec30b81 (webtiles) character file.

Game seed: 13166118869431342661

9223 AlmostDecent the Cruncher (level 11, -1/81 (84) HPs)
             Began as a Demonspawn Berserker on Jan 10, 2024.
             Was a High Priest of Trog.
             Slain by a vampire (10 damage)
             ... on level 10 of the Dungeon.
             The game lasted 00:31:18 (9252 turns).

AlmostDecent the Cruncher (Demonspawn Berserker)    Turns: 9252, Time: 00:31:19

HP:   -1/81 (84)    AC: 22    Str: 22    XL:     11   Next: 20%
MP:   11/11         EV: 10    Int:  7    God:    Trog [*****.]
Gold: 492           SH:  0    Dex: 18    Spells: 10/10 levels left

rFire   . . .        o - +5 quarterstaff (chaos)
rCold   . . .        (shield currently unavailable)
rNeg    . . .        t - +0 chain mail
rPois   +            M - +1 helmet of Beloved Leaves {Dex+5}
rElec   .            p - +2 cloak
rCorr   .            b - +0 pair of gloves
SInv    .            B - +0 pair of boots
Will    ++...        J - amulet of regeneration Stlth
                     s - +4 ring of protection
HPRegen 2.13/turn    K - ring of poison resistance
MPRegen 0.12/turn

%: no passive effects
@: strong-willed, regenerating, studying Shields, lightly drained
A: hooves 1, foul stench 2, spiny 2, weakness stinger 1, demonic touch 1
a: Renounce Religion, Berserk, Trog's Hand, Brothers in Arms


You were on level 10 of the Dungeon.
You worshipped Trog.
Trog was extremely pleased with you.
You visited 1 branch of the dungeon, and saw 10 of its levels.
You also visited: Sewer and Bailey.

You collected 492 gold pieces.

Inventory:

Hand Weapons
 f - a +0 war axe
 o - a +5 quarterstaff of chaos (weapon)
 I - the +4 hand axe of Disintegration {flame, rElec rF+}
   (You found it in a bailey)

   rF+:       It protects you from fire.
   rElec:     It insulates you from electricity.
 L - a +1 vampiric glaive
Armour
 b - a +0 pair of gloves (worn)
 p - a +2 cloak (worn)
 t - a +0 chain mail (worn)
 B - a +0 pair of boots (worn)
 M - the +1 helmet of Beloved Leaves (worn) {Dex+5}
   (You found it in a bailey)

   Dex+5:     It affects your dexterity (+5).
Jewellery
 l - a ring of ice
 s - a +4 ring of protection (left hand)
 J - an amulet of regeneration (around neck)
 K - a ring of poison resistance (right hand)
Talismans
 v - the serpent talisman "Ritiynlu" {MP+9 Stlth+}
   (You found it on level 4 of the Dungeon)

   [serpent talisman]

   MP+9:      It affects your magic capacity (+9).
   Stlth+:    It makes you more stealthy.
Wands
 r - a wand of polymorph (18)
 y - a wand of charming (21)
 F - a wand of flame (24)
Scrolls
 h - 2 scrolls of identify
 k - 4 scrolls of teleportation
 n - 3 scrolls of enchant weapon
 w - a scroll of blinking
 C - a scroll of revelation
Potions
 a - a potion of berserk rage {unknown}
 c - 3 potions of attraction
 d - 2 potions of mutation {unknown}
 e - 6 potions of curing
 g - 4 potions of magic
 i - 2 potions of ambrosia
 j - 2 potions of heal wounds {unknown}
 m - 5 potions of haste
 q - 4 potions of resistance
 u - a potion of degeneration {unknown}
 A - a potion of might {unknown}
 G - 2 potions of cancellation {unknown}


   Skills:
 + Level 7.2 Fighting
 * Level 8.2 Axes
 + Level 10.2 Staves
 + Level 7.2 Armour
 + Level 3.6 Dodging
 + Level 1.4 Stealth


You had 10 spell levels left.
You didn't know any spells.
Your spell library was empty.

Dungeon Overview and Level Annotations

Branches:
Dungeon (10/15)            Temple (0/1) D:4            Lair (0/5) D:9
  Sewer (visited)          Bailey (visited)
    Orc: D:9-12

Altars:
Gozag
Hepliaklqana
Makhleb
Ru
Uskayaw

Shops:
D:5 *[=:(   D:8 [   D:10 (

Annotations:
D:10 3 runed translucent doors, pokeman's ghost, journeyman DEHW


Innate Abilities, Weirdness & Mutations

You have large cloven feet.
You sometimes emit foul miasma when damaged in melee.
You are mostly covered in sharp spines.
You have a small tail.
Your touch may inflict minor irresistible damage on your foes.


Message History

The vampire points at you and mumbles some strange words.
You are confused.
You are too confused!
You are too confused!
You are too confused!
You are too confused!
You are too confused!
You hit the vampire.
The vampire is severely damaged.
The vampire attacks as it pursues you! The vampire is struck by your spines.
The vampire hits you but does no damage.
The vampire bites you but does no damage.
The vampire casts a spell.
The vampire flickers and vanishes!
Deactivating autopickup; reactivate with Ctrl-A.
You hear some strange, mumbled words.
You are more confused.
Something hits you! Something bites you!
Something draws strength from your injuries!
Something hits you but does no damage. Something bites you!
Something draws strength from your injuries!
You emit a cloud of foul miasma!
You thump something! Something draws life force from you!
You bump into the rock wall.
You hear some strange, mumbled words.
Something tries to affect you, but you resist.
You thump something! You freeze something. Something hits you!
* * * LOW HITPOINT WARNING * * *
Something bites you but does no damage.
You feel better. Something hits you but does no damage.
Something bites you but does no damage.
You hit something but do no damage. Something draws life force from you!
* * * LOW HITPOINT WARNING * * *
Okay, then.
Your skin crawls.
You feel strong-willed. Something hits you!
* * * LOW HITPOINT WARNING * * *
Something bites you!
You die...

#.............# *,,,,,*,,
#####..###....######## ****,****
....#..###....###.#..###****+**,,
....'.........#........+,,,*,,,,,
....#..<......#....,...*,>,*,,,,,
....#+####..).##..#*..#*,,,*,,,,,
.........#....##..##..#*,,**,,,,,
.........'.....#...#..##****,,>,,
.........#.....#@..'...#,,*,,,,,,
.........#.<...#...#...#..+.,,,,,
.........##..####'##########+****
..##'#....#..#..............,,,,,
.:#..#....#..+..............,,,,,
..#..#....#..#.........[....,,,,,
..##'#....#'##..............,,,,,
..#..##..............#######+****
..#...#..............#......,,*,,


There were no monsters in sight!

Vanquished Creatures
  The ghost of Selrock the Vexing, a novice KoHs (D:7)
  A moth of wrath (D:7)
  A gargoyle (Bailey)
  Jeremiah (D:6)
  2 kobold demonologists (D:9)
  A komodo dragon (D:9)
  A hornet (Sewer)
  A vampire (Bailey)
  3 yaks (D:10)
  2 wraiths
  A steam dragon (D:10)
  A swamp drake (D:9)
  9 ice beasts
  4 orc warriors
  A black bear (D:6)
  An ogre (D:5)
  3 centaurs
  A phantom (D:4)
  7 kobold brigands
  A bullfrog (D:7)
  An elf zombie (D:5)
  2 scorpions
  10 wights
  16 killer bees
  A howler monkey (D:7)
  7 vampire bats (Bailey)
  7 wolf zombies (Bailey)
  A human zombie (D:5)
  3 gnoll boudas
  6 hounds
  A jelly (D:5)
  Crazy Yiuf (D:2)
  2 human skeletons (D:5)
  9 orc priests
  3 sleepcaps
  Jessica (D:3)
  6 iguanas
  11 orc wizards
  14 gnolls
  4 river rats (Sewer)
  10 adders
  2 white imps
  3 ribbon worms (Sewer)
  A dart slug (D:2)
  21 orcs
  8 bats
  10 endoplasms
  4 giant cockroaches
  6 goblins
  8 hobgoblins
  7 quokkas
  11 ball pythons
  2 frilled lizards
  16 kobolds
  2 orc skeletons (D:5)
  21 orc zombies (Bailey)
  9 rats
290 creatures vanquished.

Vanquished Creatures (collateral kills)
  2 orcs
2 creatures vanquished.

Grand Total: 292 creatures vanquished

Notes
Turn   | Place    | Note
-------+----------+-------------------------------------------
     0 | D:1      | AlmostDecent the Demonspawn Berserker began the quest for
                  | the Orb.
     0 | D:1      | Reached XP level 1. HP: 18/18 MP: 1/1
    64 | D:1      | Found a faded altar of an unknown god.
   121 | D:1      | Gained mutation: You are partially covered in sharp spines.
                  | [demonic ancestry]
   121 | D:1      | Reached XP level 2. HP: 18/24 MP: 2/2
   473 | D:1      | Reached ** piety under Trog
   835 | D:2      | Discovered your monstrous ancestry.
   835 | D:2      | Gained mutation: Your touch may inflict minor irresistible
                  | damage on your foes. [demonic ancestry]
   835 | D:2      | Reached XP level 3. HP: 29/29 MP: 3/3
  1073 | D:2      | Found a runed translucent door.
  1074 | D:2      | Noticed Crazy Yiuf
  1081 | D:2      | Killed Crazy Yiuf
  1082 | D:2      | Gained mutation: You have a small tail. [demonic ancestry]
  1082 | D:2      | Reached XP level 4. HP: 35/35 MP: 4/4
  1332 | D:3      | Noticed Jessica
  1337 | D:3      | Killed Jessica
  1338 | D:3      | Reached XP level 5. HP: 41/41 MP: 5/5
  1522 | D:3      | Found a sacrificial altar of Ru.
  2102 | D:3      | Reached *** piety under Trog
  2309 | D:4      | Reached skill level 1 in Staves
  2309 | D:4      | Gained mutation: You may rarely emit foul miasma when
                  | damaged in melee. [demonic ancestry]
  2309 | D:4      | Reached XP level 6. HP: 42/48 MP: 6/6
  2390 | D:4      | Found a staircase to the Ecumenical Temple.
  2417 | D:4      | Identified the serpent talisman "Ritiynlu" {MP+9 Stlth+}
  2514 | D:4      | Found a hazy altar of Hepliaklqana.
  2615 | D:4      | Reached skill level 2 in Staves
  2616 | D:4      | Reached skill level 5 in Axes
  2759 | D:5      | Entered Level 5 of the Dungeon
  2765 | D:5      | Noticed an ice beast
  2785 | D:5      | Killed an ice beast
  2786 | D:5      | Gained mutation: You have large cloven feet. [demonic
                  | ancestry]
  2786 | D:5      | Reached XP level 7. HP: 31/54 MP: 7/7
  2786 | D:5      | Found a glowing drain.
  2801 | Sewer    | Entered a sewer
  2893 | Sewer    | a ribbon worm changed into a hornet
  2893 | Sewer    | Noticed a hornet
  2894 | Sewer    | Killed a hornet
  2895 | Sewer    | Reached skill level 3 in Staves
  3003 | Sewer    | Reached skill level 4 in Staves
  3003 | Sewer    | Reached XP level 8. HP: 48/61 MP: 8/8
  3109 | Sewer    | Reached **** piety under Trog
  3583 | D:5      | Found Gotuil's Tiny Tomes.
  3626 | D:5      | Reached skill level 5 in Staves
  3627 | D:5      | Found Snt Ziwk's Armour Boutique.
  3766 | D:5      | Found Tyninyfe's General Store.
  3811 | D:5      | Noticed a troll
  3840 | D:5      | Found Payrime's Book Shoppe.
  4048 | D:5      | Found Lycw's Antique Weapon Shop.
  4252 | D:5      | Found Gureuroc's Jewellery Shop.
  4389 | D:6      | Reached skill level 5 in Fighting
  4397 | D:6      | Noticed Jeremiah
  4420 | D:6      | Killed Jeremiah
  4421 | D:6      | Reached skill level 6 in Staves
  4421 | D:6      | Reached skill level 5 in Armour
  4421 | D:6      | Gained mutation: You are mostly covered in sharp spines.
                  | [demonic ancestry]
  4421 | D:6      | Reached XP level 9. HP: 68/68 MP: 9/9
  4951 | D:6      | Reached skill level 7 in Staves
  5283 | D:6      | Found a burning altar of Makhleb.
  5283 | D:6      | Found an opulent altar of Gozag.
  5598 | D:7      | Found a transporter.
  5598 | D:7      | Noticed Selrock's ghost (novice KoHs)
  5610 | D:7      | Noticed a moth of wrath
  5618 | D:7      | Killed Selrock's ghost
  5621 | D:7      | Reached skill level 8 in Staves
  5625 | D:7      | Killed a moth of wrath
  5626 | D:7      | Reached XP level 10. HP: 76/76 MP: 10/10
  5626 | D:7      | Found a transporter.
  5627 | D:7      | Identified the ring "Bong" {*Corrode rF+ Int+3 Dex+2}
  6470 | D:8      | Reached ***** piety under Trog
  6479 | D:8      | Reached skill level 9 in Staves
  6673 | D:8      | Found Uwyn's Armour Boutique.
  7557 | D:9      | Identified the +5 long sword of Sunlight {drain, *Noise
                  | +Blink Str+3 Dex+6}
  7912 | D:9      | Reached skill level 1 in Stealth
  7965 | D:9      | Found a staircase to the Lair.
  8267 | D:10     | Entered Level 10 of the Dungeon
  8301 | D:10     | Found a runed translucent gate.
  8301 | D:10     | Found a runed translucent gate.
  8301 | D:10     | Found a runed translucent gate.
  8303 | D:10     | Noticed pokeman's ghost (journeyman DEHW)
  8323 | D:10     | Found a hide-covered altar of Uskayaw.
  8433 | D:10     | Gained mutation: You sometimes emit foul miasma when
                  | damaged in melee. [demonic ancestry]
  8433 | D:10     | Reached XP level 11. HP: 78/83 MP: 11/11
  8483 | D:10     | Found a flagged portal.
  8492 | Bailey   | Entered a bailey
  8565 | Bailey   | Reached skill level 10 in Staves
  8599 | Bailey   | Identified the +4 hand axe of Disintegration {flame, rElec
                  | rF+}
  8608 | Bailey   | Identified the +0 leather armour "Pismarch" {MP+9}
  8773 | Bailey   | Identified the +1 helmet of Beloved Leaves {Dex+5}
  8960 | D:10     | Found Kaweow Rame's Antique Weapon Emporium.
  9252 | D:10     | Slain by a vampire

Illustrated notes

Levels and vault maps discovered:
D:1:      enne_arrival_octagon_isle, layout_loops_cross, basic_ecumenical_altar,
          serial_park_tiny_1, kennysheep_nondescript
D:2:      layout_rooms, uniq_crazy_yiuf_cottage
D:3:      layout_loops_corners, mainiacjoe_overflow_surrounded_room,
          dreamdust_mushroom_princess, uniq_jessica
D:4:      layout_rooms, mainiacjoe_overflow_chevrons, temple_green
D:5:      layout_basic, serial_shops, kennysheep_mini_moat, shop, shop,
          nicolae_shop_temple_entry_statues_fountains,
          nicolae_shop_back_alley_shop, portal_sewer_entry_f,
          nicolae_ossuary_entry_catacombs, grunt_ministairs_2,
          amethyst_killhole, nicolae_shop_i_like_small_books_too,
          lightli_corner_chamber
D:6:      layout_loops_corners, gammafunk_temple_overflow_pools, uniq_jeremiah
D:7:      layout_basic, gammafunk_ghost_berserking_beasts, serial_bayou_pond_a
D:8:      layout_layer_cave, serial_shops, nicolae_take_the_stairs
D:9:      layout_basic, david_lair_shrubbed
D:10:     layout_gridville, eat_drink_and_be_merry_uskayaw, serial_shops,
          nicolae_stop_n_shop_1, gammafunk_ghost_spectres, enter_bailey_2,
          minmay_holes, minmay_diced_spiral

Skill      XL: |  1  2  3  4  5  6  7  8  9 10 11 |
---------------+----------------------------------+-----
Dodging        | 2 3 |  3.6
Axes           | 3 4 5 6 7 8 |  8.2
Armour         | 2 3 4 5 7 |  7.2
Staves         | 1 2 4 6 8 9 10 | 10.2
Fighting       | 4 5 6 7 |  7.2
Stealth        | 1 |  1.4

Action                     |  1- 3 |  4- 6 |  7- 9 | 10-12 || total
---------------------------+-------+-------+-------+-------++-------
  Melee: Hand axe          |    75 |       |       |       ||    75
         Touch             |     3 |       |       |       ||     3
         Punch             |     1 |       |       |       ||     1
         Quarterstaff      |       |    79 |   214 |   259 ||   552
         Tailslap          |       |     9 |    24 |    32 ||    65
         Kick              |       |       |    30 |       ||    30
 Invoke: Berserk           |     1 |       |     2 |     1 ||     4
         Trog's Hand       |       |       |     1 |     2 ||     3
         Brothers in Arms  |       |       |     1 |       ||     1
    Use: Scroll            |       |       |    15 |     4 ||    19
         Potion            |       |       |       |     1 ||     1
   Stab: Confused          |       |       |       |     2 ||     2
         Paralysed         |       |       |       |     2 ||     2
 Armour: Animal skin       |     9 |       |       |       ||     9
         Scale mail        |    26 |     9 |       |       ||    35
         Chain mail        |       |    74 |   149 |   223 ||   446
  Dodge: Dodged            |    38 |    26 |    75 |   119 ||   258

Table legend: (Time is in decaauts)
 A = Elapsed time spent in this place.
 B = Non-inter-level travel time spent in this place.
 C = Inter-level travel time spent in this place.
 D = Time resting spent in this place.
 E = Time spent auto-exploring this place.
 F = Levels seen in this place.
 G = Mean time per level.
                   A        B        C        D        E       F      G
               +--------+--------+--------+--------+--------+-----+--------+
         Total |   9454 |   9002 |    452 |    291 |   7030 |  12 |  787.8 |
       Dungeon |   8270 |   7818 |    452 |    291 |   6214 |  10 |  827.0 |
         Sewer |    868 |    868 |      0 |      0 |    655 |   1 |  868.0 |
        Bailey |    315 |    315 |      0 |      0 |    160 |   1 |  315.0 |
               +--------+--------+--------+--------+--------+-----+--------+

Top non-repeatable levels by time:
     D:6: 1203 daAuts
     D:7: 978 daAuts
     D:5: 920 daAuts
     D:9: 890 daAuts
   Sewer: 868 daAuts
     D:3: 867 daAuts
     D:8: 817 daAuts
     D:1: 808 daAuts
    D:10: 662 daAuts
     D:4: 586 daAuts
     D:2: 535 daAuts
  Bailey: 315 daAuts
